 Dungeon Crawl Stone Soup version 0.25-a0-547-g27a0b5d1ef (webtiles) character file.

Game seed: 11980404177268845319, levelgen mode: deterministic

78 Esekla the Magician (level 4, 0/24 HPs)
             Began as a Deep Elf Wizard on Feb 21, 2020.
             Slain by a howler monkey (5 damage)
             ... on level 4 of the Dungeon.
             The game lasted 00:18:16 (1305 turns).

Esekla the Magician (Deep Elf Wizard)               Turns: 1305, Time: 00:18:17

Health: 0/24       AC:  3    Str:  5    XL:     4   Next: 15%
Magic:  6/13       EV: 13    Int: 23    God:
Gold:   55         SH:  0    Dex: 13    Spells: 5/14 levels left

rFire    . . .     SeeInvis .   i - +0 spear
rCold    . . .     Gourm    .   (no shield)
rNeg     . . .     Faith    .   a - +0 robe
rPois    .         Spirit   .   b - +1 hat
rElec    .         Reflect  .   (no cloak)
rCorr    .         Harm     .   (no gloves)
MR       .....                  (no boots)
Stlth    ++........             (no amulet)
HPRegen  0.08/turn              (no ring)
MPRegen  0.13/turn              (no ring)

@: no status effects
A: no striking features
a: no special abilities


You were on level 4 of the Dungeon.
You were not hungry.

You visited 1 branch of the dungeon, and saw 5 of its levels.

You collected 55 gold pieces.

Inventory:

Hand Weapons
 i - a +0 spear (weapon)
 s - a +3 short sword
Armour
 a - a +0 robe (worn)
 b - a +1 hat (worn)
Jewellery
 k - an uncursed ring of ice
Wands
 o - a wand of flame (20)
Potions
 c - a potion of stabbing {unknown}
 e - a potion of might {unknown}
 g - 3 potions of curing {unknown}
 l - a potion of lignification {unknown}
 m - a potion of haste {unknown}
Comestibles
 d - 4 rations


   Skills:
 * Level 0.3 Short Blades
 + Level 2.7 Dodging
 + Level 2.6 Stealth
 * Level 5.9 Spellcasting
 * Level 1.6 Conjurations
   Level 1.1 Summonings
 * Level 1.2 Translocations
 * Level 1.0 Fire Magic
 * Level 0.1 Air Magic
 * Level 0.7 Poison Magic


You had 5 spell levels left.
You knew the following spells:

 Your Spells              Type           Power        Failure   Level  Hunger
a - Magic Dart            Conj           ##..         4%          1    None
b - Blink                 Tloc           N/A          8%          2    None
c - Mephitic Cloud        Conj/Pois/Air  ##......     19%         3    #......
f - Conjure Flame         Conj/Fire      ##......     16%         3    #......

Your spell library contained the following spells:

 Spells                   Type           Power        Failure   Level  Hunger
 Call Imp                 Summ           ##......     9%          2    None
 Slow                     Hex            #.......     13%         2    None


Dungeon Overview and Level Annotations

Branches:
Dungeon (5/15)
 Temple: D:4-7

Altars:


Message History

The phantom blinks!
A slave comes into view.
The slave shouts!
You hear a shout! x4
The phantom blinks!
A slave comes into view. x2
You see here a viscous white potion.
g - 3 viscous white potions (gained 1)
The phantom blinks!
The black bear bites you!
* * * LOW HITPOINT WARNING * * *
The black bear closely misses you. The black bear barely misses you.
A slave comes into view.
There is a stone staircase leading up here.
The black bear closely misses you. x2; The black bear misses you.
You climb upwards.
You hear the hiss of flowing sand.
There is an entrance to an ossuary on this level.
Hurry and find it before the portal is buried!
You hear the hiss of a very distant avalanche of sand.
The worker ant barely misses you. The howler monkey hits you.
You die...

*,,,,,,* *,****,* *,* *,*
####* *,* *,*
*********###...****,* *,*
*,,,,,,,,......,,,,,* *,*
********####...#########,*
*,,,,,,..........h.....#,*
...............a@....#.#,*
.......$.......h.......#,*
.....................#.#,***
........................,,,*
.................?...#.#,*,*
.....................#,#,*,*
.....................#,*,*,*
........%)<..........#,*,*,*
.....................#,*,*,*


You could see a black bear, a howler monkey and a worker ant.

Vanquished Creatures
  A howler monkey zombie (D:3)
  A howler monkey skeleton (D:4)
  2 adders
  4 leopard geckos
  An orc (D:4)
  5 hobgoblins
  A jackal (D:2)
  A quokka (D:3)
  5 bats
  A frilled lizard (D:2)
  3 goblins
  3 kobolds
  4 rats
32 creatures vanquished.

Notes
Turn   | Place    | Note
-------+----------+-------------------------------------------
     0 | D:1      | Esekla the Deep Elf Wizard began the quest for the Orb.
     0 | D:1      | Reached XP level 1. HP: 10/10 MP: 7/7
   230 | D:3      | Reached skill level 5 in Spellcasting
   236 | D:3      | Noticed an orc wizard
   260 | D:2      | Reached XP level 2. HP: 15/15 MP: 8/10
   505 | D:3      | Learned a level 2 spell: Blink
   536 | D:3      | Reached XP level 3. HP: 19/19 MP: 4/12
   541 | D:3      | Learned a level 3 spell: Mephitic Cloud
   545 | D:3      | Learned a level 3 spell: Conjure Flame
  1215 | D:4      | Reached skill level 1 in Fire Magic
  1215 | D:4      | Reached XP level 4. HP: 10/24 MP: 4/13
  1240 | D:5      | Entered Level 5 of the Dungeon
  1253 | D:5      | Noticed a black bear
  1254 | D:5      | Noticed a phantom
  1284 | D:5      | Noticed a slave
  1284 | D:5      | Noticed a slave
  1284 | D:5      | Noticed a slave
  1303 | D:5      | Noticed a slave
  1305 | D:4      | Slain by a howler monkey

Levels and vault maps discovered:
D:1:      heliophobic_arrival_ceremonial_halls, layout_loops_ring,
          serial_forest, infiniplex_forest_straight_2,
          infiniplex_forest_clump_C, infiniplex_forest_end_2,
          infiniplex_forest_clump_long, infiniplex_forest_lined_3
D:2:      layout_loops_ring, st_stairs_10
D:3:      layout_loops_ring
D:4:      layout_basic, grunt_temple_overflow_opulence,
          yredelemnul_forgotten_temple_becter, gup_ossuary_entry_pyramid,
          first_ration
D:5:      layout_loops_ring, gammafunk_temple_overflow_elements, basic_altar,
          fedhas_altar_1, uniq_pikel, uniq_blork_the_orc,
          uniq_crazy_yiuf_cottage

Skill      XL: |  1  2  3 |
---------------+----------+-----
Spellcasting   | 5 |  5.9
Fire Magic     | 1 |  1.0
Short Blades   | |  0.3
Dodging        | |  2.7
Stealth        | |  2.6
Conjurations   | |  1.6
Summonings     | |  1.1
Translocations | |  1.2
Air Magic      | |  0.1
Poison Magic   | |  0.7

Action                   |  1- 3 |  4- 6 || total
-------------------------+-------+-------++-------
Melee: Short sword       |    24 |     1 ||    25
       Spear             |    15 |     9 ||    24
       Rapier            |    11 |       ||    11
 Cast: Magic Dart        |    59 |     3 ||    62
       Conjure Flame     |     4 |     1 ||     5
       Mephitic Cloud    |     2 |     1 ||     3
       Blink             |     1 |     1 ||     2
  Use: Scroll            |     3 |       ||     3
 Stab: Sleeping          |    10 |       ||    10
  Eat: Chunk             |     1 |       ||     1
Armor: Robe              |    10 |       ||    10
Dodge: Dodged            |    20 |     7 ||    27

Table legend:
 A = Non-vault XP
 B = Vault XP
 C = Vault XP percentage of total XP
 D = Non-vault monster count
 E = Vault monster count
 F = Vault count percentage of total count
                 A         B        C        D         E       F
            +---------+---------+-------+---------+---------+-------
      Total |     108 |       4 |   3.6 |      30 |       2 |   6.2
            +---------+---------+-------+---------+---------+-------
        D:1 |       5 |       0 |   0.0 |       3 |       0 |   0.0
        D:2 |      15 |       2 |  11.8 |      10 |       1 |   9.1
        D:3 |      52 |       2 |   3.7 |      13 |       1 |   7.1
        D:4 |      36 |       0 |   0.0 |       4 |       0 |   0.0
            +---------+---------+-------+---------+---------+-------
